 Dungeon Crawl Stone Soup version 0.23.2-1-ga50397a (webtiles) character file.

Game seed: 11455179863574314070

91 FatLuigi the Grave Robber (level 4, -1/32 HPs)
             Began as a Human Necromancer on Apr 15, 2019.
             Succumbed to a scorpion's poison
             ... on level 3 of the Dungeon.
             The game lasted 00:20:10 (2817 turns).

FatLuigi the Grave Robber (Human Necromancer)       Turns: 2817, Time: 00:20:11

Health: -1/32      AC:  3    Str:  8    XL:     4   Next: 87%
Magic:  1/8        EV: 12    Int: 16    God:
Gold:   64         SH:  0    Dex: 14    Spells: 4/9 levels left

rFire    . . .     SeeInvis .   e - +2 dagger
rCold    . . .     Gourm    .   (no shield)
rNeg     . . .     Faith    .   a - +0 robe
rPois    .         Spirit   .   (no helmet)
rElec    .         Reflect  .   (no cloak)
rCorr    .         Harm     .   d - +0 pair of gloves
MR       .....                  (no boots)
Stlth    ++........             (no amulet)
HPRegen  0.10/turn              (no ring)
MPRegen  0.11/turn              (no ring)

@: lethally poisoned (-1 -> -14), very slightly contaminated
A: no striking features
a: no special abilities


You were on level 3 of the Dungeon.
You were not hungry.

You visited 1 branch of the dungeon, and saw 3 of its levels.

You collected 64 gold pieces.

Inventory:

Hand Weapons
 e - a +2 dagger (weapon)
Armour
 a - a +0 robe (worn)
 d - a +0 pair of gloves (worn)
Wands
 j - a wand of flame (9)
Scrolls
 h - a scroll of fog
Potions
 b - a potion of mutation {unknown}
 f - a potion of might
 g - a potion of curing {unknown}
Comestibles
 c - 2 rations
 i - 2 chunks of flesh


   Skills:
 - Level 1.4 Fighting
 - Level 2.0 Dodging
 - Level 2.0 Stealth
 - Level 3.0 Spellcasting
 * Level 4.9 Necromancy


You had 4 spell levels left.
You knew the following spells:

 Your Spells              Type           Power        Failure   Level  Hunger
a - Pain                  Necr           ###.         2%          1    #......
b - Animate Skeleton      Necr           N/A          2%          1    #......
c - Regeneration          Chrm/Necr      ##........   21%         3    ###....

Your spell library contained the following spells:

 Spells                   Type           Power        Failure   Level  Hunger
 Vampiric Draining        Necr           ###.......   8%          3    ###....
 Animate Dead             Necr           N/A          24%         4    #####..


Dungeon Overview and Level Annotations

Branches:
Dungeon (3/15)

Altars:
Zin


Message History

Your orc skeleton is destroyed!
Unknown command.
You hit the scorpion.
The scorpion is almost dead.
* * * LOW HITPOINT WARNING * * *
You feel sick. The scorpion barely misses you.
You hit the scorpion but do no damage.
The scorpion is almost dead.
* * * LOW HITPOINT WARNING * * *
You feel sick. The scorpion stings you.
* * * LOW HITPOINT WARNING * * *
You are more poisoned.
The scorpion poisons you!
* * * LOW HITPOINT WARNING * * *
You feel sick.
* * * LOW HITPOINT WARNING * * *
You feel sick.
* * * LOW HITPOINT WARNING * * *
You feel sick.
You die...

............# #####..####.
............# ##.# #.
............# ).# #.## #.
............# ### #.# #..# #.
............## #.. #.# ##.# #.
............##.#.# #.# #.# #.
.....<$.....##.#.##.#.# #.# #.
............##......#.######.###.
............####@####.#.........(
#####.#####[w.s..........###..##.
#.# ######.##......# ##.##. #<.
#.##......# #.##. #...
#.######.## #.... #... ... #.#
#.... ... #.# #.... ..... #.#
#.... ..... #.# #....


You could see a worm and a scorpion.

Vanquished Creatures
  2 adders (D:2)
  6 orcs (D:3)
  A giant cockroach (D:1)
  6 goblins
  3 hobgoblins
  8 jackals
  2 quokkas
  9 bats
  6 frilled lizards
  5 kobolds
  7 rats
55 creatures vanquished.

Vanquished Creatures (collateral kills)
  An ooze (D:3)
  A worm (D:3)
  An orc (D:3)
  3 goblins
  A hobgoblin (D:1)
  A bat (D:1)
  A kobold (D:2)
9 creatures vanquished.

Grand Total: 64 creatures vanquished

Notes
Turn   | Place    | Note
-------+----------+-------------------------------------------
     0 | D:1      | FatLuigi the Human Necromancer began the quest for the Orb.
     0 | D:1      | Reached XP level 1. HP: 13/13 MP: 3/3
     3 | D:1      | Learned a level 1 spell: Animate Skeleton
   267 | D:1      | Reached XP level 2. HP: 19/20 MP: 3/5
   788 | D:1      | Reached XP level 3. HP: 23/25 MP: 1/6
  1043 | D:2      | Reached skill level 1 in Fighting
  1443 | D:2      | Learned a level 3 spell: Regeneration
  1532 | D:2      | Found a glowing silver altar of Zin.
  1886 | D:2      | Reached XP level 4. HP: 26/32 MP: 3/8
  2816 | D:3      | HP: 1/32 [poisoned by a scorpion]
  2817 | D:3      | Succumbed to a scorpion's poison

Skill      XL: |  1  2  3  4 |
---------------+-------------+-----
Fighting       | 1 |  1.4
Spellcasting   | 3 |  3.0
Dodging        | |  2.0
Stealth        | |  2.0
Necromancy     | |  4.9

Action                   |  1- 3 |  4- 6 || total
-------------------------+-------+-------++-------
Melee: Unarmed           |    14 |       ||    14
       Dagger            |    20 |     9 ||    29
 Cast: Pain              |    60 |    44 ||   104
       Animate Skeleton  |    16 |    13 ||    29
       Regeneration      |     1 |       ||     1
Evoke: Wand              |       |     1 ||     1
  Use: Scroll            |     4 |     2 ||     6
       Potion            |     1 |       ||     1
 Stab: Sleeping          |     2 |       ||     2
  Eat: Chunk             |     2 |     2 ||     4
       Ration            |     1 |       ||     1
Armor: Robe              |     9 |     1 ||    10
Dodge: Dodged            |    45 |    13 ||    58
